 Dungeon Crawl Stone Soup version 0.25.1-2-g60ff931df9 (webtiles) character file.

Game seed: 5618267947063861936

35707 hawla the Warrior (level 13, 0/152 HPs)
             Began as a Minotaur Berserker on Nov 27, 2020.
             Was the Champion of Trog.
             Shot with a bolt by a tengu warrior (21 damage)
             ... on level 15 of the Dungeon.
             The game lasted 00:45:29 (18030 turns).

hawla the Warrior (Minotaur Berserker)             Turns: 18030, Time: 00:45:30

Health: 0/152      AC:  8    Str: 26    XL:     13   Next: 49%
Magic:  12/12      EV: 16    Int:  5    God:    Trog [******]
Gold:   229        SH:  5    Dex: 12    Spells: 12/12 levels left

rFire    + . .     SeeInvis .   G - +7 battleaxe of Deskuit {vorpal, rC++ Int-5 Dex+3}
rCold    + + +     Gourm    .   (shield currently unavailable)
rNeg     . . .     Faith    .   z - +0 scale mail of Dishonesty {+Fly Int-2 Slay+5 Stlth+} (curse)
rPois    .         Spirit   .   (helmet restricted)
rElec    .         Reflect  +   l - scarf {rC+ rF+}
rCorr    .         Harm     .   A - +0 pair of gloves
MR       .....                  (no boots)
Stlth    +.........             q - amulet of reflection
HPRegen  0.75/turn              I - +6 ring of intelligence
MPRegen  0.13/turn              m - +4 ring of evasion

@: no status effects
A: retaliatory headbutt, horns 2, regeneration 1, robust 1
a: Berserk, Trog's Hand, Brothers in Arms, Renounce Religion, Evoke Flight


You were on level 15 of the Dungeon.
You worshipped Trog.
Trog was exalted by your worship.
You were not hungry.

You visited 2 branches of the dungeon, and saw 16 of its levels.
You visited 1 bazaar.

You collected 716 gold pieces.
You spent 487 gold pieces at shops.

Inventory:

Hand Weapons
 a - a +0 scimitar of flaming
 G - the +7 battleaxe of Deskuit (weapon) {vorpal, rC++ Int-5 Dex+3}
   (Trog gifted it to you on level 11 of the Dungeon)

   It inflicts extra damage upon your enemies.
   It affects your intelligence (-5).
   It affects your dexterity (+3).
   It greatly protects you from cold.
Missiles
 d - 30 boomerangs
 k - 88 poisoned darts (quivered)
Armour
 l - a scarf of resistance (worn)
 w - +0 acid dragon scales
 z - the cursed +0 scale mail of Dishonesty (worn) {+Fly Int-2 Slay+5 Stlth+}
   (You found it on level 14 of the Dungeon)

   It affects your intelligence (-2).
   It affects your accuracy and damage with ranged weapons and melee attacks
   (+5).
   It lets you fly.
   It makes you more stealthy.
   It has a curse placed upon it.
 A - a +0 pair of gloves (worn)
 E - +0 steam dragon scales
Jewellery
 g - an uncursed ring of see invisible
 m - a +4 ring of evasion (right hand)
 q - an amulet of reflection (around neck)
 r - an uncursed ring of protection from magic
 F - an uncursed ring of fire
 I - a +6 ring of intelligence (left hand)
 M - an uncursed ring of protection from magic
Wands
 f - a wand of flame (11)
 n - a wand of random effects (22)
 s - a wand of paralysis (2)
 t - a wand of iceblast (15)
 D - a wand of polymorph (4)
 L - a wand of disintegration (11)
Scrolls
 h - 9 scrolls of teleportation
 o - a scroll of enchant armour
 p - 6 scrolls of identify
 v - 7 scrolls of enchant weapon
 x - 3 scrolls of remove curse
 y - 2 scrolls of holy word
 B - a scroll of magic mapping {unknown}
 C - a scroll of fear
Potions
 e - a potion of cancellation
 i - a potion of magic
 j - 6 potions of flight
 u - 2 potions of stabbing {unknown}
 H - a potion of berserk rage {unknown}
 J - a potion of ambrosia
Miscellaneous
 b - a phial of floods
Comestibles
 c - 21 rations
 K - 4 chunks of flesh


   Skills:
 * Level 20.2 Fighting
 + Level 15.5 Axes
 + Level 0.2 Throwing
 + Level 6.0 Armour
 + Level 3.4 Dodging
 + Level 1.1 Evocations


You had 12 spell levels left.
You didn't know any spells.
Your spell library was empty.

Dungeon Overview and Level Annotations

Branches:
Dungeon (15/15)            Temple (1/1) D:5            Lair (0/6) D:11
    Orc (0/2) D:12         Vaults (0/5) D:13
 Depths: D:15

Altars:
Elyvilon
Fedhas
Kikubaaqudgha
Nemelex Xobeh
Okawaru
Ru
Vehumet
Xom
The Shining One

Shops:
D:4 *(   D:10 %   D:11 }

Annotations:
D:12 2 runed translucent doors, SpoonFarmer's ghost, journeyman MiFi


Innate Abilities, Weirdness & Mutations

You reflexively headbutt those who attack you in melee.
You have a pair of horns on your head.
Your natural rate of healing is unusually fast.
You are robust. (+10% HP)


Message History

The centaur shoots an arrow.
The arrow barely misses you.
The yaktaur captain wields a +0 arbalest.
The yaktaur captain shoots a bolt.
The bolt hits you!!
The tengu warrior shoots a bolt.
The bolt hits you!!
* * * LOW HITPOINT WARNING * * *
The centaur shoots an arrow.
You reflect the arrow off an invisible shield around you!
The arrow hits the centaur!
The centaur shoots an arrow.
You reflect the arrow off an invisible shield around you!
The arrow closely misses the centaur.
As you read the scroll of fear, it crumbles to dust.
You assume a fearsome visage.
The tengu warrior easily resists.
The ogre mage looks frightened!
The yaktaur captain looks frightened!
The orc sorcerer looks frightened!
The gargoyle is unaffected.
The centaur looks frightened! x2
The ogre mage screams, "Help!"
The ogre mage gestures wildly while chanting.
The ogre mage blinks!
You block the gargoyle's attack.
The tengu warrior shoots a bolt.
The bolt hits you!!
You die...

........
.....................##
................#..#..##
...#...#.......##......#
...##..##.......?#.c...(
....................c...
##.............O...(....
##..............)(.(....
...........(((((@9..(..#
............#(.))......#
............#...........
......................#.
..........##..(ยง.Q....#
..........####..c.......
..........# #o#........
.........## #.#........
.........#


You could see a yaktaur captain (fleeing), a tengu warrior, an ogre mage
(fleeing), an orc sorcerer (fleeing), a gargoyle and 2 centaurs.

Vanquished Creatures
  Azrael (D:11)
  Harold (D:8)
  3 centaur warriors
  2 two-headed ogres
  2 dancing weapons (D:13)
  A tengu warrior (D:15)
  4 unseen horrors
  Pikel (D:5)
  2 manticores
  3 ugly things
  3 cyclopes
  A deep elf mage (D:13)
  Maggie (D:6)
  A komodo dragon (D:11)
  A freezing wraith (D:14)
  7 trolls
  A queen bee (D:14)
  3 meliai (D:14)
  2 hornets (D:11)
  A harpy skeleton (D:13)
  7 hippogriffs
  Sigmund (D:4)
  A spriggan (D:7)
  A tarantella (shapeshifter) (D:15)
  4 yaks (D:10)
  A wyvern (D:10)
  A fire elemental (D:11)
  3 hungry ghosts
  A steam dragon (D:13)
  6 vampire mosquitoes
  Menkaure (D:6)
  A swamp worm (D:8)
  An acid dragon (D:14)
  2 soldier ants
  2 water moccasins
  2 porcupines (D:11)
  4 hell hounds
  4 ice beasts
  3 eyes of draining
  10 orc warriors
  9 sky beasts
  3 black bears
  13 ogres
  3 phantoms
  5 boggarts (D:14)
  20 centaurs
  2 crocodiles
  3 big kobolds
  13 bullfrogs
  A wyvern zombie (D:13)
  A water moccasin zombie (D:8)
  2 wyvern skeletons
  3 scorpions
  30 killer bees
  15 wights
  8 howler monkeys
  3 centaur zombies
  2 bullfrog zombies
  10 crimson imps
  4 hounds
  6 jellies
  2 bullfrog skeletons
  12 orc priests
  28 orc wizards
  4 centaur skeletons
  Natasha (thrice) (D:3)
  2 iguanas
  12 worker ants
  A killer bee zombie (D:8)
  A hound zombie (D:5)
  7 gnolls
  A howler monkey skeleton (D:8)
  12 adders
  4 shadow imps
  2 oozes
  An adder skeleton (D:4)
  2 worms (D:2)
  4 dart slugs
  7 leopard geckos
  70 orcs
  6 bats
  4 giant cockroaches
  12 goblins
  6 hobgoblins
  5 jackals
  20 kobolds
  4 quokkas
  3 ball pythons
  8 frilled lizards
  2 leopard gecko skeletons (D:5)
  A leopard gecko zombie (D:5)
  7 rats
  3 fungi (D:11)
  2 plants (D:11)
511 creatures vanquished.

Vanquished Creatures (collateral kills)
  An unseen horror (D:13)
  A phantom (D:4)
  A goblin (D:13)
3 creatures vanquished.

Vanquished Creatures (others)
  An orc (D:12)
  A quokka (D:3)
  A kobold (D:12)
  13 fungi (D:11)
  8 plants
24 creatures vanquished.

Grand Total: 538 creatures vanquished

Notes
Turn   | Place    | Note
-------+----------+-------------------------------------------
     0 | D:1      | hawla the Minotaur Berserker began the quest for the Orb.
     0 | D:1      | Reached XP level 1. HP: 19/19 MP: 0/0
   281 | D:1      | Reached skill level 4 in Fighting
   281 | D:1      | Reached XP level 2. HP: 21/27 MP: 1/1
  1069 | D:2      | Reached ** piety under Trog
  1099 | D:2      | Reached XP level 3. HP: 35/35 MP: 2/2
  1135 | D:2      | Found a radiant altar of Vehumet.
  1269 | D:2      | Reached skill level 5 in Fighting
  1610 | D:2      | Found a glowing golden altar of the Shining One.
  2121 | D:3      | Noticed Natasha
  2132 | D:3      | Killed Natasha
  2132 | D:3      | Reached XP level 4. HP: 31/44 MP: 3/3
  2198 | D:3      | Noticed Natasha
  2202 | D:3      | Killed Natasha
  2202 | D:3      | Reached skill level 6 in Fighting
  2259 | D:3      | Found a white marble altar of Elyvilon.
  2259 | D:3      | Noticed Natasha
  2266 | D:3      | Killed Natasha
  2266 | D:3      | Reached *** piety under Trog
  2266 | D:3      | Reached XP level 5. HP: 37/51 MP: 4/4
  2641 | D:3      | Reached skill level 7 in Fighting
  2836 | D:3      | Found an ancient bone altar of Kikubaaqudgha.
  3125 | D:4      | Noticed an ogre
  3133 | D:4      | Killed an ogre
  3133 | D:4      | Reached skill level 8 in Fighting
  3133 | D:4      | Reached XP level 6. HP: 61/61 MP: 5/5
  3140 | D:4      | Found Yckid's Elemental Accessories.
  3169 | D:4      | Reached **** piety under Trog
  3322 | D:4      | Found Yfumenni's Antique Weapon Emporium.
  3361 | D:4      | Reached skill level 9 in Fighting
  3366 | D:4      | Reached XP level 7. HP: 23/70 MP: 6/6
  3641 | D:4      | Reached skill level 10 in Fighting
  3812 | D:4      | Noticed Sigmund
  3826 | D:4      | Killed Sigmund
  4088 | D:4      | Found a sacrificial altar of Ru.
  4108 | D:5      | Entered Level 5 of the Dungeon
  4149 | D:5      | Reached skill level 11 in Fighting
  4149 | D:5      | Reached XP level 8. HP: 82/82 MP: 7/7
  4209 | D:5      | Reached skill level 12 in Fighting
  5069 | D:5      | Noticed Pikel
  5086 | D:5      | Killed Pikel
  5086 | D:5      | Reached skill level 13 in Fighting
  5086 | D:5      | Reached skill level 5 in Axes
  5086 | D:5      | Reached XP level 9. HP: 36/93 MP: 8/8
  5422 | D:5      | Found a staircase to the Ecumenical Temple.
  5433 | Temple   | Entered the Ecumenical Temple
  5586 | D:6      | Noticed Menkaure
  5590 | D:6      | Killed Menkaure
  5717 | D:6      | Noticed Maggie
  5725 | D:6      | Killed Maggie
  5819 | D:6      | Found a shimmering altar of Xom.
  5882 | D:6      | Found a sparkling altar of Nemelex Xobeh.
  5929 | D:6      | Found an iron altar of Okawaru.
  5944 | D:6      | Reached skill level 14 in Fighting
  7236 | D:7      | Reached skill level 15 in Fighting
  7242 | D:7      | Reached XP level 10. HP: 88/105 MP: 9/9
  7334 | D:7      | Found a blossoming altar of Fedhas.
  7629 | D:7      | Reached ***** piety under Trog
  8099 | D:8      | Noticed Harold
  8119 | D:8      | Killed Harold
  9023 | D:8      | Identified Sif Muna's Papyrus of the Birds and
                  | Transformation
  9046 | D:9      | Noticed a centaur warrior
  9048 | D:9      | Reached skill level 16 in Fighting
  9225 | D:9      | Killed a centaur warrior
  9265 | D:9      | Received a gift from Trog
 10196 | D:9      | Reached XP level 11. HP: 109/116 MP: 3/10
 10673 | D:4      | Bought a masterwork dagger for 217 gold pieces
 10673 | D:4      | Identified the +6 dagger "Miypt" {elec, Dex+5} (You bought
                  | it in a shop on level 4 of the Dungeon)
 10806 | D:10     | Entered Level 10 of the Dungeon
 10853 | D:10     | Reached skill level 17 in Fighting
 10863 | D:10     | Reached skill level 10 in Axes
 12195 | D:10     | Found Ifforunt's Food Boutique.
 12384 | D:11     | Noticed a centaur warrior
 12384 | D:11     | Noticed a two-headed ogre
 12389 | D:11     | Killed a centaur warrior
 12393 | D:10     | Killed a two-headed ogre
 12471 | D:11     | Paralysed by a hornet for 2 turns
 12765 | D:11     | Received a gift from Trog
 12777 | D:11     | Reached skill level 18 in Fighting
 13160 | D:11     | Got a bone battleaxe {god gift}
 13165 | D:11     | Lost intelligence.
 13165 | D:11     | Identified the +7 battleaxe of Deskuit {vorpal, rC++ Int-5
                  | Dex+3} (Trog gifted it to you on level 11 of the Dungeon)
 13318 | D:11     | Found Baenoari's Gadget Boutique.
 13520 | D:11     | Found a staircase to the Lair.
 13732 | D:12     | Gained mutation: You are robust. (+10% HP) [potion of
                  | mutation]
 13732 | D:12     | Gained mutation: Your natural rate of healing is unusually
                  | fast. [potion of mutation]
 13752 | D:12     | Noticed an unseen horror
 13759 | D:12     | Killed an unseen horror
 13759 | D:12     | Reached XP level 12. HP: 84/140 MP: 11/11
 13845 | D:12     | Found a large runed translucent door.
 13846 | D:12     | Found a large runed translucent door.
 13858 | D:12     | Noticed SpoonFarmer's ghost (journeyman MiFi)
 14008 | D:12     | Found a staircase to the Orcish Mines.
 14020 | D:12     | Noticed a two-headed ogre
 14040 | D:12     | Noticed Azrael
 14469 | D:12     | Reached ****** piety under Trog
 14533 | D:12     | Received a gift from Trog
 14712 | D:12     | Reached skill level 19 in Fighting
 15041 | D:11     | Killed a two-headed ogre
 15100 | D:11     | Killed Azrael
 15399 | D:13     | Found a gate to the Vaults.
 15408 | D:13     | Noticed a centaur warrior
 15418 | D:13     | Killed a centaur warrior
 15418 | D:13     | Reached skill level 1 in Evocations
 15583 | D:13     | Received a gift from Trog
 15643 | D:13     | Reached XP level 13. HP: 46/152 MP: 1/12
 15750 | D:13     | HP: 3/152 [centaur (6)]
 15775 | D:13     | Found a flickering gateway to a bazaar.
 15785 | Bazaar   | Entered a bazaar
 15921 | Bazaar   | Found Wisturer's Book Shop.
 15941 | Bazaar   | Found Ynwofa's Jewellery Shop.
 15949 | Bazaar   | Bought an uncursed amulet of reflection for 270 gold pieces
 16193 | D:13     | Found a radiant altar of Vehumet.
 16718 | D:14     | Reached skill level 15 in Axes
 16899 | D:14     | Got a fading scale mail
 16919 | D:14     | Identified the cursed +0 scale mail of Dishonesty {+Fly
                  | Int-2 Slay+5 Stlth+} (You found it on level 14 of the
                  | Dungeon)
 16919 | D:14     | Lost intelligence.
 17093 | D:14     | Reached skill level 20 in Fighting
 17306 | D:14     | Reached skill level 5 in Armour
 17913 | D:15     | Entered Level 15 of the Dungeon
 18030 | D:15     | Shot with a bolt by a tengu warrior

Illustrated notes

Levels and vault maps discovered:
D:1:      wander_arrival_estate, layout_basic, serial_forest,
          infiniplex_forest_lined_3, infiniplex_forest_3_way,
          infiniplex_forest_diagonal, infiniplex_forest_lined_3,
          chequers_arboretum
D:2:      layout_loops_corners, overflow_temple_1_default,
          overflow_temple_1_default
D:3:      layout_basic, elyvilon_altar_4, kiku_gazebo_pond_becter, uniq_natasha
D:4:      layout_gridville, nicolae_ru_the_path_less_chosen, serial_shops,
          kennysheep_mini, nicolae_elemental_shop, cheibrodos_gnoll_hut,
          uniq_sigmund
D:5:      layout_basic, minmay_temple_entry_trees, first_ration, uniq_pikel
D:6:      layout_layer_cave, xom_teletrap_fun, grunt_temple_overflow_open,
          serial_bayou_pond_d, bh_walls_and_bars, uniq_menkaure, uniq_maggie
D:7:      layout_basic, lemuel_crystal_altar, the_bakery, nicolae_sextant
D:8:      layout_rooms, worms_lemuel, uniq_harold
D:9:      layout_loops_cross
D:10:     layout_basic, serial_shops, nicolae_shop_waterfront,
          serial_park_tiny_1
D:11:     layout_gridville, grunt_lair_entry_orc_guard_hut, serial_shops, shop
D:12:     layout_big_octagon, hiddenorc1_lemuel, ebering_ghost_disaster_area,
          kennysheep_generic_room_15, uniq_azrael
D:13:     layout_cave_pools, erik_vaults_1, basic_altar, serial_shops,
          bzr_entry_customers, st_stairs_10, minmay_circle_x
D:14:     layout_loops_ring, glass_columns_b, hangedman_abyss_or_decor_stabs,
          drop_trap, minivault_7
D:15:     hangedman_depths_entry_civil_slaughter, layout_cave_pools,
          minmay_misc_feat_cross
Temple:   nicolae_temple_figure_eight

Skill      XL: |  1  2  3  4  5  6  7  8  9 10 11 12 13 |
---------------+----------------------------------------+-----
Fighting       | 4 5 6 8 9 11 13 15 16 18 19 20 | 20.2
Armour         | 3 4 6 |  6.0
Axes           | 5 7 9 12 14 15 | 15.5
Evocations     | 1 |  1.1
Dodging        | 3 |  3.4
Throwing       | |  0.2

Action                   |  1- 3 |  4- 6 |  7- 9 | 10-12 | 13-15 || total
-------------------------+-------+-------+-------+-------+-------++-------
Melee: Hand axe          |    92 |    77 |    17 |       |       ||   186
       Headbutt          |    14 |    13 |    32 |    67 |    26 ||   152
       War axe           |       |       |    66 |       |       ||    66
       Broad axe         |       |       |   122 |   122 |       ||   244
       Executioner's axe |       |       |       |   157 |       ||   157
       Battleaxe         |       |       |       |   149 |   146 ||   295
Throw: Dart              |       |    11 |    11 |    25 |     8 ||    55
       Boomerang         |       |       |       |     6 |       ||     6
Invok: Berserk           |       |     1 |     1 |       |       ||     2
       Brothers in Arms  |       |       |     1 |       |     2 ||     3
       Trog's Hand       |       |       |     1 |       |     1 ||     2
Evoke: Wand              |       |     3 |     6 |    18 |     2 ||    29
  Use: Scroll            |     4 |       |     2 |    23 |     2 ||    31
       Potion            |     1 |     2 |     6 |     7 |     1 ||    17
  Eat: Chunk             |     4 |     5 |    13 |    17 |     4 ||    43
       Ration            |       |       |     2 |     3 |     3 ||     8
Armor: Animal skin       |    18 |     4 |    12 |       |       ||    34
       Acid dragon scale |       |       |    49 |   186 |    16 ||   251
       Scale mail        |       |       |       |       |    22 ||    22
Dodge: Dodged            |    67 |    45 |   167 |   417 |   161 ||   857
Block: Other             |       |       |       |       |    25 ||    25
       Reflection        |       |       |       |       |     8 ||     8
